 Dungeon Crawl Stone Soup version 0.30.0-15-g856e2d3f33 (webtiles) character file.

Game seed: 10810713914217203261

4725 hito the Transmogrifier (level 10, 0/100 HPs)
             Began as a White Draconian Transmuter on May 18, 2023.
             Was an Initiate of Cheibriados.
             Slain by Grum
             ... wielding a +0 spear
              (19 damage)
             ... on level 9 of the Dungeon.
             The game lasted 00:45:17 (10532 turns).

hito the Transmogrifier (DrTm)                     Turns: 10532, Time: 00:45:18

Health: 0/100      AC:  8    Str: 13    XL:     10   Next: 22%
Magic:  13/16      EV: 12    Int: 16    God:    Cheibriados [......]
Gold:   266        SH:  0    Dex: 16    Spells: 3/17 levels left

rFire   x . .        u - melded +4 dagger (flame)
rCold   + + +        (shield currently unavailable)
rNeg    . . .        (body armour unavailable)
rPois   +            (helmet currently unavailable)
rElec   .            M - melded +2 cloak
rCorr   .            e - melded +0 pair of gloves
SInv    +            E - melded +1 pair of boots
Will    .....        N - amulet of the acrobat
Stlth   +            o - ring of see invisible
HPRegen 0.36/turn    (no ring)
MPRegen 0.15/turn

%: acrobat
@: ice-form, wereblooded, very slow
A: freezing attack, amphibious, boosted hp, (breathe frost), AC +7, large,
unfitting armour, (cold resistance 1), (cold-blooded)
a: End Transformation, Renounce Religion


You were on level 9 of the Dungeon.
You worshipped Cheibriados.
Cheibriados was noncommittal.
You were a creature of crystalline ice.
You visited 2 branches of the dungeon, and saw 10 of its levels.
You also visited: Sewer and Ossuary.

You collected 543 gold pieces.
You spent 277 gold pieces at shops.

Inventory:

Hand Weapons
 p - a +0 sling of freezing
 u - a +4 dagger of flaming (melded)
Missiles
 c - 4 atropa-tipped darts
 g - 52 stones
 s - 3 boomerangs of dispersal
 y - 22 poisoned darts (quivered)
 F - 3 boomerangs
 J - a throwing net
 K - 5 javelins
 P - a curare-tipped dart
Armour
 e - a +0 pair of gloves (melded)
 E - a +1 pair of boots (melded)
 M - a +2 cloak (melded)
Jewellery
 o - a ring of see invisible (left front paw)
 N - an amulet of the acrobat (around neck)
Wands
 x - a wand of digging (2)
 B - a wand of mindburst (4)
 D - a wand of iceblast (19)
Scrolls
 b - 2 scrolls of fear
 d - 4 scrolls of teleportation
 q - a scroll of enchant weapon
 r - 4 scrolls of blinking
 t - 3 scrolls of vulnerability
 C - a scroll of magic mapping
 G - 5 scrolls of identify
 L - a scroll of acquirement {unknown}
 O - a scroll of brand weapon
Potions
 a - 2 potions of lignification
 f - a potion of ambrosia
 h - 2 potions of heal wounds
 i - 7 potions of curing {unknown}
 j - a potion of berserk rage
 k - 3 potions of mutation
 l - 2 potions of resistance
 m - 2 potions of flight
 n - 3 potions of invisibility {unknown}
 v - a potion of might {unknown}
 w - 6 potions of cancellation
 z - a potion of haste {unknown}
 A - 2 potions of brilliance
 H - a potion of magic {unknown}
 I - 2 potions of degeneration


   Skills:
 + Level 6.8 Fighting
 + Level 4.8 Dodging
 + Level 6.5 Unarmed Combat
 + Level 4.4 Spellcasting
 - Level 8.0 Transmutations
 - Level 8.0 Ice Magic
 - Level 2.0 Poison Magic


You had 3 spell levels left.
You knew the following spells:

 Your Spells              Type           Power      Damage    Failure   Level
a - Beastly Appendage     Tmut           58%        N/A       1%          1
b - Wereblood             Tmut           29%        N/A       1%          2
c - Spider Form           Tmut/Pois      19%        N/A       6%          3
d - Apportation           Tloc           6%         N/A       16%         1
e - Ice Form              Ice/Tmut       29%        N/A       6%          4
f - Frozen Ramparts       Ice            58%        1d9       1%          3

Your spell library contained the following spells:

 Spells                   Type           Power      Damage    Failure   Level
 Passwall                 Tmut/Erth      13%        N/A       4%          2
 Sandblast                Erth           6%         2d5       16%         1
 Poisonous Vapours        Pois/Air       12%        N/A       16%         2
 Mephitic Cloud           Conj/Pois/Air  5%         N/A       36%         3
 Dazzling Flash           Conj/Hex       6%         N/A       43%         3
 Volatile Blastmotes      Fire/Tloc      6%         2d10      43%         3
 Summon Ice Beast         Ice/Summ       16%        N/A       30%         4
 Freezing Cloud           Conj/Ice/Air   6%         6-21      83%         5
 Iskenderun's Mystic Bla  Conj/Tloc      3%         2d3       85%         4
 Iskenderun's Battlesphe  Conj           3%         2d6       99%         5
 Iron Shot                Conj/Erth      1%         9d1       100%        6
 Starburst                Conj/Fire      1%         6d3       100%        6
 Haunt                    Necr/Summ      1%         N/A       100%        7
 Spellforged Servitor     Conj/Summ      1%         N/A       100%        7
 Lehudib's Crystal Spear  Conj/Erth      1%         10d2      100%        8


Dungeon Overview and Level Annotations

Branches:
Dungeon (9/15)             Temple (1/1) D:7             Orc (0/2) D:9
  Sewer (visited)         Ossuary (visited)
   Lair: D:8-11

Altars:
Ashenzari
Cheibriados
Dithmenos
Elyvilon
Fedhas
Gozag
Hepliaklqana
Kikubaaqudgha
Makhleb
Nemelex Xobeh
Okawaru
Qazlal
Ru
Sif Muna
Trog
Uskayaw
Vehumet
Wu Jian
Xom
Yredelemnul
Zin
The Shining One

Shops:
D:1 ?(=*

Annotations:
D:3 2 transporters, exclusion: downstairs
D:6 exclusion: downstairs
D:7 3 runed translucent doors, Darkkill's ghost, novice MiHu
D:9 Erica; Grum


Innate Abilities, Weirdness & Mutations

You are a creature of crystalline ice.
You have a powerful freezing melee attack.
You are amphibious.
Your maximum health is increased.
Your armour is entirely melded.
You are incapable of wielding weapons or throwing items.
((You can breathe waves of freezing cold which knock back foes.))
((Your icy white scales are hard. (AC +7)))
You cannot fit into any form of body armour.
((Your flesh is cold resistant. (rC+)))
((You are cold-blooded and may be slowed by cold attacks.))


Message History

Grum hits you from afar with a +0 spear!
* * * LOW HITPOINT WARNING * * *
Unknown command.
You hit the wolf. You freeze the wolf.
The wolf is heavily wounded.
You howl as the wereblood boils in your veins!
The wolf barely misses you. Grum barely misses you.
Unknown command.
You feel much better. The wolf bites you but does no damage.
The wolf closely misses you.
Grum hits you from afar with a +0 spear.
Unknown command.
You completely miss the wolf.
The wolf is heavily wounded.
The wolf bites you.
Unknown command.
You hit the wolf. You freeze the wolf.
The wolf is severely wounded.
The wolf closely misses you.
Grum hits you from afar with a +0 spear.
The wolf bites you!
You punch the wolf! You freeze the wolf.
You feel a bit better.
You kill the wolf!
Cheibriados thoroughly appreciates the change of pace.
Grum closely misses you. Grum completely misses you.
You punch Grum! You freeze Grum.
Grum is moderately wounded.
Grum completely misses you.
You hit Grum but do no damage.
Grum is moderately wounded.
Grum hits you with a +0 spear!
You hit Grum. You freeze Grum.
Grum is heavily wounded.
Grum hits you with a +0 spear!
* * * LOW HITPOINT WARNING * * *
You punch Grum! You freeze Grum.
Grum is almost dead.
Grum hits you with a +0 spear!!
You die...

..... ....#
....# #....#
.....#
########.....#
.......g.....#
.......Y†....+
###.....†....#
#..........#
#..........#
#........###
#........#
#.?......#
#........#
#........#


You could see Grum.

Vanquished Creatures
  Pikel (D:6)
  6 yaks (D:8)
  2 steam dragons
  2 water moccasins
  An ice beast (D:8)
  3 black bears (D:6)
  3 orc warriors
  2 sky beasts
  2 ogres (D:6)
  2 wolves (D:9)
  2 lemures (D:6)
  3 kobold brigands
  2 bullfrogs
  2 scorpions
  5 wights (D:8)
  4 howler monkeys
  A crimson imp (D:7)
  5 jellies
  4 orc priests
  5 hounds
  A sleepcap (D:4)
  2 iguanas (D:6)
  3 orc wizards
  6 adders
  2 river rats (Sewer)
  A shadow imp (D:6)
  2 white imps (D:6)
  3 worms
  7 dart slugs
  12 orcs
  5 bats
  9 endoplasms
  8 giant cockroaches
  8 goblins
  17 hobgoblins
  3 jackals (D:5)
  6 quokkas
  12 ball pythons
  A frilled lizard (D:1)
  31 kobolds
  10 rats
206 creatures vanquished.

Notes
Turn   | Place    | Note
-------+----------+-------------------------------------------
     0 | D:1      | hito the Draconian Transmuter began the quest for the Orb.
     0 | D:1      | Reached XP level 1. HP: 16/16 MP: 3/3
   369 | D:1      | Reached XP level 2. HP: 23/23 MP: 3/5
   389 | D:1      | Learned a level 2 spell: Wereblood
   508 | D:1      | Found Viusetot's Jewellery Boutique.
   577 | D:1      | Found Rutijoakka's Magic Scroll Boutique.
   897 | D:1      | Found Nani's Weapon Shop.
  1165 | D:1      | Found Uthrint's Assorted Antiques.
  1255 | D:1      | Reached XP level 3. HP: 28/28 MP: 7/7
  1359 | D:1      | Learned a level 3 spell: Spider Form
  1793 | D:1      | Bought a scroll of blinking for 82 gold pieces
  2131 | D:2      | Reached skill level 1 in Poison Magic
  2276 | D:2      | Reached XP level 4. HP: 32/35 MP: 8/8
  2795 | D:3      | Found a transporter.
  3000 | D:3      | Found a faded altar of an unknown god.
  3291 | D:3      | Found a transporter.
  3893 | D:4      | Reached XP level 5. HP: 40/40 MP: 7/9
  4049 | D:4      | Noticed a phantom
  4146 | D:5      | Entered Level 5 of the Dungeon
  4250 | D:5      | Reached skill level 5 in Transmutations
  4264 | D:5      | Found a glowing golden altar of the Shining One.
  4353 | D:5      | Found a sand-covered staircase.
  4362 | Ossuary  | Entered an ossuary
  4415 | D:5      | Found an ornate altar of the Wu Jian Council.
  4448 | D:5      | Found a broken altar of Ashenzari.
  4543 | D:5      | Reached XP level 6. HP: 31/48 MP: 8/10
  4828 | D:1      | Bought a ring of see invisible for 195 gold pieces
  5166 | D:5      | Found a shimmering blue altar of Sif Muna.
  5173 | D:5      | Got Sif Muna's Directory of the Singularity
  5175 | D:5      | Got Sif Muna's Secrets of Stones
  5617 | D:5      | Learned a level 1 spell: Apportation
  5892 | D:6      | Your scales start taking on an icy white colour.
  5892 | D:6      | Reached XP level 7. HP: 57/57 MP: 7/11
  5892 | D:6      | Gained mutation: Your flesh is cold resistant. (rC+) [White
                  | Draconian growth]
  5930 | D:6      | Learned a level 4 spell: Ice Form
  5944 | D:6      | Found a glowing drain.
  5969 | Sewer    | Entered a sewer
  6097 | Sewer    | Reached skill level 1 in Ice Magic
  6154 | Sewer    | Found a viscous altar of Jiyva.
  6584 | D:6      | Reached XP level 8. HP: 62/63 MP: 7/13
  6611 | D:6      | Learned a level 3 spell: Frozen Ramparts
  6979 | D:6      | Reached skill level 5 in Ice Magic
  7099 | D:6      | Noticed Pikel
  7117 | D:6      | Killed Pikel
  7118 | D:6      | Reached skill level 5 in Fighting
  7241 | D:6      | Reached XP level 9. HP: 74/74 MP: 11/15
  7943 | D:7      | Found a staircase to the Ecumenical Temple.
  7999 | Temple   | Entered the Ecumenical Temple
  8052 | Temple   | Became a worshipper of Ru the Awakened
  8258 | D:7      | Noticed Darkkill's ghost (novice MiHu)
  8261 | D:7      | Found a runed translucent gate.
  8261 | D:7      | Found a runed translucent gate.
  8261 | D:7      | Found a runed translucent gate.
  8508 | D:7      | Reached skill level 5 in Unarmed Combat
  8699 | D:7      | Found a burning altar of Makhleb.
  8699 | D:7      | Found a shimmering altar of Xom.
  9663 | D:8      | Reached XP level 10. HP: 84/84 MP: 10/16
  9794 | D:8      | Found a stormy altar of Qazlal.
  9796 | D:8      | Found a sparkling altar of Nemelex Xobeh.
  9796 | D:8      | Found a radiant altar of Vehumet.
  9798 | D:8      | Found a white marble altar of Elyvilon.
  9801 | D:8      | Found an ancient bone altar of Kikubaaqudgha.
 10090 | D:8      | Found a snail-covered altar of Cheibriados.
 10098 | D:8      | Fell from the grace of Ru
 10098 | D:8      | Became a worshipper of Cheibriados the Contemplative
 10404 | D:9      | Got the Directory of the Gargoyle and Production
 10500 | D:9      | Found a staircase to the Orcish Mines.
 10505 | D:9      | Noticed Grum
 10506 | D:9      | Noticed Erica
 10532 | D:9      | Slain by Grum

Illustrated notes

Levels and vault maps discovered:
D:1:      kilobyte_arrival_exit_the_forest, layout_basic, serial_shops,
          nicolae_shop_stone, shop_statue, shop, shop
D:2:      cheibrodos_greedy_goblins, layout_loops_cross, minmay_close_crescents
D:3:      gammafunk_steamed_eel, layout_basic,
          dilly_ecumenical_altar_fadedgnrine, st_stairs_14
D:4:      layout_basic
D:5:      kennysheep_kobold_camp, layout_rooms, mainiacjoe_overflow_swirl,
          tso_metal_star, nicolae_sif_muna_little_library,
          lightli_ossuary_entry_decrepit_ruins
D:6:      layout_basic, portal_sewer_entry_f, minmay_fractal_squares_5,
          uniq_pikel
D:7:      layout_loops_ring, grunt_temple_overflow_champion_of_chaos,
          minmay_temple_entry_statues_pillars, gammafunk_ghost_split,
          minmay_misc_feat_chi, patterned_corridor
D:8:      layout_loops_ring, minitemple, mainiacjoe_overflow_boulevard,
          blue_anna_alchemist
D:9:      layout_irregular_city, david_lair_generic, david_orc_3, uniq_joseph,
          uniq_grum, uniq_erica
Temple:   jpeg_temple_alley_garden

Skill      XL: |  1  2  3  4  5  6  7  8  9 |
---------------+----------------------------+-----
Transmutations | 3 4 5 6 7 8 |  8.0
Spellcasting   | 3 4 |  4.4
Poison Magic   | 1 2 |  2.0
Fighting       | 2 3 5 6 |  6.8
Ice Magic      | 3 6 8 |  8.0
Dodging        | 3 4 |  4.8
Unarmed Combat | 6 |  6.5

Action                     |  1- 3 |  4- 6 |  7- 9 | 10-12 || total
---------------------------+-------+-------+-------+-------++-------
  Melee: Unarmed           |   107 |    17 |   141 |    26 ||   291
         Kick              |    17 |    31 |     9 |     4 ||    61
         Headbutt          |    13 |    22 |     2 |     1 ||    38
         Tailslap          |     9 |    13 |     6 |       ||    28
         Dagger            |       |   152 |    54 |     6 ||   212
         Punch             |       |     5 |       |       ||     5
  Throw: Dart              |       |     2 |       |       ||     2
   Cast: Beastly Appendage |    26 |    36 |    10 |     1 ||    73
         Wereblood         |     3 |    10 |    11 |     2 ||    26
         Spider Form       |       |     4 |     4 |       ||     8
         Apportation       |       |     1 |     2 |       ||     3
         Ice Form          |       |       |    18 |     3 ||    21
         Frozen Ramparts   |       |       |     6 |     1 ||     7
 Invoke: Reject Sacrifices |       |       |       |     1 ||     1
Ability: Breathe Frost     |       |       |    26 |     4 ||    30
         End Transformatio |       |       |     1 |       ||     1
  Evoke: Wand              |       |     3 |     3 |     2 ||     8
    Use: Scroll            |       |    16 |     3 |     1 ||    20
         Potion            |       |       |     1 |     3 ||     4
   Stab: Sleeping          |     1 |       |       |       ||     1
 Armour: Skin              |    30 |    45 |    45 |    10 ||   130
  Dodge: Dodged            |    68 |   102 |    87 |    29 ||   286
